 Dungeon Crawl Stone Soup version 0.16-a0-1009-g0339a9e (webtiles) character file.

288 Ratboiler the Ruinous (level 6, 24/24 HPs)
             Began as a Felid Ice Elementalist on Oct 3, 2014.
             Was an Initiate of Vehumet.
             Quit the game on Level 6 of the Dungeon.
             The game lasted 00:26:35 (8607 turns).

Ratboiler the Ruinous (Felid Ice Elementalist)      Turns: 8607, Time: 00:26:35

HP  24/24        AC  2     Str  0      XL: 6   Next:  9%
MP  14/14        EV 18     Int 19      God: Vehumet [......]
Gold 200         SH  0     Dex 16      Spells:  4 memorised,  0 levels left
Lives: 1, deaths: 1

rFire  . . .     SeeInvis +     (weapon unavailable)
rCold  . . .     Clarity  .     (armour unavailable)
rNeg   . . .     rCorr    .     (shield unavailable)
rPois  .         rRot     .     (helmet unavailable)
rElec  .         Spirit   .     (cloak unavailable)
SustAb .         Warding  .     (gloves unavailable)
rMut   .         Stasis   .     (boots unavailable)
Gourm  .                        (no amulet)
MR     .....                    (no ring)
                                (no ring)

@: quick, not resistant to hostile enchantments, fairly stealthy
A: paw claws, no armour, no weapons or thrown items, fangs 3, see invisible,
carnivore 3, speed 1, shaggy fur 2, slow healing 1, slow metabolism 1, weak 2,
jump 2
a: Jump Attack, Renounce Religion


You were on level 6 of the Dungeon.
You worshipped Vehumet.
Vehumet was noncommittal.
You were not hungry.

You visited 2 branches of the dungeon, and saw 7 of its levels.

You collected 335 gold pieces.
You spent 135 gold pieces at shops.

Inventory:

Comestibles
 c - a meat ration
 g - 2 slices of pizza
 l - a beef jerky
Scrolls
 e - 3 scrolls of recharging {unknown}
 f - 3 scrolls of remove curse {unknown}
 j - a scroll of amnesia {unknown}
 m - a scroll of teleportation {unknown}
 o - a scroll of enchant armour {unknown}
 r - a scroll of brand weapon {unknown}
Jewellery
 q - an uncursed ring of stealth {unknown}
Potions
 a - a potion of flight
 h - a potion of lignification
 i - a potion of cancellation
 k - a potion of agility
 n - a potion of cure mutation {unknown}
 p - a potion of mutation
 s - a potion of heal wounds {unknown}
 t - a potion of invisibility {unknown}
 w - a potion of curing {unknown}
Books
 b - a book of Frost

   Spells                             Type                      Level
   *Freeze                            Ice                          1
   *Throw Frost                       Conjuration/Ice              2
   *Ozocubu's Armour                  Charms/Ice                   3
   Throw Icicle                       Conjuration/Ice              4
   *Summon Ice Beast                  Ice/Summoning                4
   Condensation Shield                Ice                          4
 u - a book of Wizardry

   Spells                             Type                      Level
   Agony                              Necromancy                   5
   Force Lance                        Conjuration                  5
   Dispersal                          Translocation                6
   Haste                              Charms                       6
   Invisibility                       Hexes                        6
   Spellforged Servitor               Conjuration/Summoning        7


   Skills:
 - Level 2.6 Dodging
 - Level 2.6 Stealth
 - Level 2.0 Spellcasting
 - Level 5.2 Conjurations
 + Level 0.2 Summonings
 - Level 5.1 Ice Magic


You couldn't memorise any spells.
You knew the following spells:

 Your Spells              Type           Power        Failure   Level  Hunger
a - Freeze                Ice            ###.         1%          1    #......
b - Throw Frost           Conj/Ice       ###...       3%          2    ##.....
c - Ozocubu's Armour      Chrm/Ice       ##......     17%         3    ####...
d - Summon Ice Beast      Ice/Summ       ##......     63%         4    #####..


Dungeon Overview and Level Annotations

Branches:
Dungeon (6/15)             Temple (1/1) D:5

Altars:
Dithmenos
Elyvilon
Fedhas
Kikubaaqudgha
Makhleb
Nemelex Xobeh
Okawaru
Qazlal
Sif Muna
Trog
Vehumet
The Shining One

Shops:
D:6 *

Annotations:
D:5 Grinder; Menkaure; Raxtorm's ghost, average MiFi


Innate Abilities, Weirdness & Mutations

You cannot wear armour.
You are incapable of wielding weapons or throwing items.
Your paws have sharp claws.
You have razor-sharp teeth.
You have supernaturally acute eyesight.
You are carnivorous and can eat meat at any time.
You cover ground quickly.
You are covered in thick fur (AC +2).
You have a slow metabolism.
You can jump attack at a medium distance.
You heal slowly when monsters are visible.
You are very weak. (Str -4)


Message History

You feel sick.
The centaur shoots a poisoned arrow.
The poisoned arrow hits you!
* * * LOW HITPOINT WARNING * * *
You are more poisoned.
You see here a poisoned arrow.
* * * LOW HITPOINT WARNING * * *
You feel sick.
Drink which item? (? for menu, Esc to quit)
You feel extremely strange.
Your natural healing is weakened.
You feel weaker.
You feel weaker.
You have lost your strength.
It was a potion of mutation.
* * * LOW HITPOINT WARNING * * *
You feel sick.
The centaur shoots a poisoned arrow.
The poisoned arrow hits you.
You die...
You are more poisoned.
You are now level 6!
You rejoin the land of the living...
Are you sure you want to abandon this character and quit the game? (Confirm with "yes".)

#..........# ##.##>....### #
##.###.#.### ###)## #.#.# ...###
#.#.####### ####.###.#.......#
....#.##.#.......########
...###.....#####........#
#.#.#.##.#......@....##.#
#........#.##.#......##.#########
..##.#####.#..#...##............#
...#.# #........#####.#.##.##.#
.....# #.#.##.#.#####.#.##.##.#
...### #.#.##.#.......#.##.....
...# #......#.#######.#####..
...#########.###...######........
...##......#.##.........########.


There were no monsters in sight!

Vanquished Creatures
  An ogre (D:6)
  A jelly (D:5)
  A crimson imp (D:6)
  3 orc wizards (D:4)
  An iguana (D:4)
  3 worker ants
  9 adders
  A giant mite (D:4)
  2 worms
  2 giant geckos
  An ooze (D:1)
  12 orcs
  6 giant cockroaches
  12 goblins
  10 hobgoblins
  2 jackals (D:5)
  10 kobolds
  4 quokkas
  A ball python (D:1)
  17 bats
  A giant cockroach zombie (D:6)
  5 giant newts
  A hobgoblin skeleton (D:4)
  2 orc skeletons (D:5)
  18 rats
126 creatures vanquished.

Notes
Turn   | Place    | Note
--------------------------------------------------------------
     0 | D:1      | Ratboiler, the Felid Ice Elementalist, began the quest for the Orb.
     0 | D:1      | Reached XP level 1. HP: 7/7 MP: 4/4
    98 | D:1      | Reached skill level 3 in Ice Magic
   268 | D:1      | Reached XP level 2. HP: 11/11 MP: 5/5
   272 | D:1      | Learned a level 2 spell: Throw Frost
   329 | D:1      | Reached skill level 1 in Conjurations
   907 | D:1      | Found a sparkling altar of Nemelex Xobeh.
  1451 | D:2      | Reached XP level 3. HP: 14/14 MP: 8/8
  1464 | D:2      | Learned a level 3 spell: Ozocubu's Armour
  1644 | D:2      | Found a blossoming altar of Fedhas.
  1650 | D:2      | Found a stormy altar of Qazlal.
  1977 | D:2      | Reached XP level 4. HP: 10/18 MP: 0/10
  4254 | D:3      | Reached XP level 5. HP: 12/21 MP: 6/12
  5333 | D:4      | Reached skill level 4 in Conjurations
  6156 | D:4      | Gained mutation: You are covered in thick fur (AC +2). [growing up]
  6156 | D:4      | Gained mutation: You can jump attack at a medium distance. [growing up]
  6156 | D:4      | Reached XP level 6. HP: 24/24 MP: 7/14
  6942 | D:5      | Entered Level 5 of the Dungeon
  6970 | D:5      | Found a staircase to the Ecumenical Temple.
  6981 | Temple   | Entered the Ecumenical Temple
  7026 | Temple   | Became a worshipper of Vehumet
  7057 | D:5      | Noticed Menkaure
  7156 | D:5      | Noticed Raxtorm's ghost (average MiFi)
  7391 | D:5      | Noticed Grinder
  7551 | D:6      | Found an iron altar of Okawaru.
  8054 | D:6      | Reached skill level 5 in Conjurations
  8054 | D:6      | Reached skill level 5 in Ice Magic
  8054 | D:6      | Reached XP level 7. HP: 27/27 MP: 3/17
  8353 | D:6      | Learned a level 4 spell: Summon Ice Beast
  8373 | D:6      | Found Obaipp's Assorted Antiques.
  8384 | D:6      | Bought a scintillating sapphire amulet for 135 gold pieces
  8385 | D:6      | Identified the amulet "Cedadurr" {Ward rN+ Dex-3 Int-2} (You bought it in a shop on level 6 of the Dungeon)
  8606 | D:6      | Gained mutation: You heal slowly when monsters are visible. [potion of mutation]
  8606 | D:6      | Gained mutation: You are weak. (Str -2) [potion of mutation]
  8606 | D:6      | Lost strength.
  8606 | D:6      | Gained mutation: You are very weak. (Str -4) [potion of mutation]
  8606 | D:6      | Shot with a poisoned arrow by a centaur
  8607 | D:6      | Reached XP level 6. HP: -2/24 MP: 11/14
  8607 | D:6      | Quit the game

Action                   |  1- 3 |  4- 6 |  7- 9 || total
-------------------------+-------+-------+-------++-------
Melee: Unarmed           |    93 |   167 |    15 ||   275
 Cast: Freeze            |    32 |    74 |     6 ||   112
       Throw Frost       |     2 |    51 |     6 ||    59
       Ozocubu's Armour  |     3 |     4 |     2 ||     9
  Use: Scroll            |       |       |     4 ||     4
       Potion            |       |       |     1 ||     1
 Stab: Sleeping          |     6 |     6 |       ||    12
  Eat: Chunk             |    10 |    15 |     1 ||    26
